 Dungeon Crawl Stone Soup version 0.31.0-32-g396128a36d (webtiles) character file.

Game seed: 3633388682694425386

93347 Fairytaker the Severer (level 16, 0/104 HPs)
             Began as a Gargoyle Fighter on Apr 18, 2024.
             Was an Elder of Okawaru.
             Killed from afar by a kobold blastminer (32 damage)
             ... with an iron shot
             ... on level 2 of the Orcish Mines.
             The game lasted 01:22:54 (25985 turns).

Fairytaker the Severer (Gargoyle Fighter)          Turns: 25985, Time: 01:22:54

Health: 0/104      AC: 38    Str: 27    XL:     16   Next: 8%
Magic:  24/24      EV: 10    Int: 10    God:    Okawaru [****..]
Gold:   1938       SH:  0    Dex:  9    Spells: 15/15 levels left

rFire   + . .        k - +6 executioner's axe (flame)
rCold   + + +        (shield currently unavailable)
rNeg    + . .        T - +5 chain mail of Daytzun {rElec}
rPois   ∞            y - +0 helmet
rElec   +            O - scarf {rC+ rF+}
rCorr   .            i - +2 pair of gloves of Death Resistance {rC+}
SInv    .            E - +2 pair of boots {Fly}
Will    ++...        h - amulet of the acrobat Stlth
                     F - ring of willpower
HPRegen 0.37/turn    c - ring of protection from cold
MPRegen 0.19/turn

%: acrobat
@: flying, studying Invocations
A: sickness immunity, AC +12, big wings, negative energy resistance 1,
electricity resistance, torment resistance 1, petrification resistance
a: Renounce Religion, Heroism, Finesse


You were on level 2 of the Orcish Mines.
You worshipped Okawaru.
Okawaru was greatly pleased with you.
You visited 4 branches of the dungeon, and saw 19 of its levels.
You also visited: Gauntlet and Ice Cave.

You collected 2490 gold pieces.
You spent 552 gold pieces at shops.

Inventory:

Hand Weapons
 k - a +6 executioner's axe of flaming (weapon)
 n - a +0 broad axe of freezing
 R - a +4 flail
Missiles
 a - 3 javelins
 m - 34 poisoned darts
 p - 2 throwing nets
 S - 14 boomerangs (quivered)
 V - 3 atropa-tipped darts
 W - 6 silver javelins
Armour
 b - the +0 kite shield of Vanity {rElec rPois rF+++ Str-3}
   (You found it in an ice cave)

   Str-3:     It affects your strength (-3).
   rF+++:     It renders you almost immune to fire.
   rElec:     It insulates you from electricity.
   rPois:     It protects you from poison
 i - the +2 pair of gloves of Death Resistance (worn) {rC+}
   (You found it in an ice cave)

   rC+:       It protects you from cold.
 y - a +0 helmet (worn)
 E - a +2 pair of boots of flying (worn)
 G - a +2 crystal plate armour of cold resistance
 O - a scarf of resistance (worn)
 T - the +5 chain mail of Daytzun (worn) {rElec}
   (You bought it in a shop on level 10 of the Dungeon)

   rElec:     It insulates you from electricity.
Jewellery
 c - a ring of protection from cold (right hand)
 h - an amulet of the acrobat (around neck)
 q - a ring of willpower
 D - a +6 ring of dexterity
 F - a ring of willpower (left hand)
 I - a ring of resist corrosion
Wands
 o - a wand of paralysis (10)
 P - a wand of mindburst (22)
 Q - a wand of iceblast (8)
 U - a wand of acid (1)
Scrolls
 e - 8 scrolls of teleportation
 j - 3 scrolls of fog
 l - 3 scrolls of fear
 r - 4 scrolls of immolation
 v - 5 scrolls of enchant armour
 z - a scroll of revelation
 A - 4 scrolls of poison
 C - a scroll of summoning
 H - 2 scrolls of vulnerability
 X - 2 scrolls of blinking
 Y - a scroll of torment {unknown}
Potions
 d - 3 potions of might
 f - 4 potions of brilliance
 g - 4 potions of ambrosia
 s - 5 potions of mutation
 t - a potion of berserk rage
 u - 6 potions of curing
 w - 2 potions of resistance
 x - 3 potions of magic
 B - 2 potions of lignification
 J - 2 potions of haste
 K - a potion of enlightenment {unknown}
 L - 2 potions of invisibility
 N - 2 potions of cancellation
 Z - 3 potions of heal wounds


   Skills:
 + Level 13.3 Fighting
 * Level 16.0 Axes
 + Level 7.8 Throwing
 + Level 12.5 Armour
 + Level 2.1 Dodging
 - Level 7.0 Shields
 - Level 11.0 Invocations


You had 15 spell levels left.
You didn't know any spells.
Your spell library contained the following spells:

 Spells                   Type           Power      Damage    Failure   Level
 Freeze                   Ice            0%         1d3       77%         1
 Kiss of Death            Conj/Necr      0%         2d5       77%         1
 Magic Dart               Conj           0%         1d3       77%         1
 Scorch                   Fire           0%         2d5       88%         2
 Searing Ray              Conj           0%         2d4       88%         2
 Static Discharge         Conj/Air       0%         3-3/arc   88%         2
 Confusing Touch          Hex            0%         N/A       98%         3
 Dazzling Flash           Conj/Hex       0%         N/A       98%         3
 Frozen Ramparts          Ice            0%         1d1       98%         3
 Hailstorm                Conj/Ice       0%         3d5       98%         3
 Mephitic Cloud           Conj/Alch/Air  0%         N/A       98%         3
 Sigil of Binding         Hex            0%         N/A       98%         3
 Airstrike                Air            0%         2d(0-16)  100%        4
 Dimensional Bullseye     Hex/Tloc       0%         N/A       100%        4
 Dispel Undead            Necr           0%         3d6       100%        4
 Flame Wave               Conj/Fire      0%         2d4       100%        4
 Ignite Poison            Fire/Alch      0%         N/A       100%        4
 Leda's Liquefaction      Alch/Erth      0%         N/A       100%        4
 Vhi's Electric Charge    Tloc/Air       0%         N/A       100%        4
 Arcjolt                  Conj/Air       0%         1d10      100%        5
 Curse of Agony           Necr           0%         N/A       100%        5
 Fireball                 Conj/Fire      0%         3d3       100%        5
 Freezing Cloud           Conj/Ice/Air   0%         6-21      100%        5
 Lee's Rapid Deconstruct  Erth           0%         3d4*      100%        5
 Silence                  Hex/Air        0%         N/A       100%        5
 Bombard                  Conj/Erth      0%         9d1       100%        6
 Plasma Beam              Fire/Air       0%         2x1d10    100%        6
 Ozocubu's Refrigeration  Ice            0%         4d7       100%        7
 Fire Storm               Conj/Fire      0%         5d1       100%        9
 Polar Vortex             Ice            0%         N/A       100%        9
 Cigotuvi's Dreadful Rot  Necr/Alch/Air  Unusable   N/A       N/A         2
 Call Canine Familiar     Summ           Unusable   N/A       N/A         3
 Summon Ice Beast         Ice/Summ       Unusable   N/A       N/A         3
 Summon Lightning Spire   Summ/Air       Unusable   N/A       N/A         4
 Sculpt Simulacrum        Ice/Alch       Unusable   N/A       N/A         6

Dungeon Overview and Level Annotations

Branches:
Dungeon (11/15)            Temple (1/1) D:5            Lair (5/5) D:10
  Swamp (0/4) Lair:3        Snake (0/4) Lair:3        Slime (0/5) Lair:4
    Orc (2/2) D:10            Elf (0/3) Orc:2         IceCv (visited)
Gauntlet (visited)

Altars:
Ashenzari
Cheibriados
Dithmenos
Elyvilon
Fedhas
Gozag
Hepliaklqana
Kikubaaqudgha
Makhleb
Nemelex Xobeh
Okawaru
Qazlal
Ru
Sif Muna
Trog
Uskayaw
Vehumet
Wu Jian
Xom
Yredelemnul
Zin
The Shining One

Shops:
D:5 :?:   D:7 ?   D:10 *   Orc:1 *

Annotations:
D:8 3 runed translucent doors, MrCrawl's ghost, novice GrEE


Innate Abilities, Weirdness & Mutations

You are immune to sickness and miasma.
Your stone body is resilient. (AC +12)
You are immune to poison.
Your large and strong wings let you fly.
You resist negative energy. (rN+)
You are resistant to electric shocks. (rElec)
You are resistant to unholy torment.
You are immune to petrification.


Message History

You kill the kobold blastminer!
Okawaru accepts your kill.
You hit the orc. You burn the orc. You slash the orc warrior!
You burn the orc warrior. The orc hits you but does no damage.
The orc priest barely misses you. The orc warrior barely misses you.
You slash the orc! You burn the orc.
You kill the orc!
You slash the orc warrior! You burn the orc warrior.
You kill the orc warrior!
Okawaru accepts your kill.
You barely miss the ogre. You barely miss the orc.
The ogre hits you with a +0 giant club! The orc hits you but does no damage.
The orc priest calls down the wrath of Beogh upon you.
Beogh smites you!
You are too injured to fight recklessly!
You are too injured to fight recklessly!
You slice the orc!! You burn the orc.
You kill the orc!
You slash the ogre! You burn the ogre.
The orc priest invokes the aid of Beogh against you.
Beogh smites you!
* * * LOW HITPOINT WARNING * * *
The ogre barely misses you.
You slice the kobold blastminer!! You burn the kobold blastminer!
The kobold blastminer is almost dead.
You hit the ogre. You burn the ogre.
The kobold blastminer hits you but does no damage.
The orc priest calls upon Beogh to heal something.
You miss the kobold blastminer.
The kobold blastminer is almost dead.
You slice the ogre!! You burn the ogre.
You kill the ogre!
Okawaru accepts your kill.
The kobold blastminer barely misses you.
The orc priest hits you but does no damage.
You barely miss the kobold blastminer.
The kobold blastminer is almost dead.
The kobold blastminer blasts its cannon at you.
The iron shot hits you!!
You die...

*,,,,,,,,..........$.............
**,,,,,,,........................
****,,,,......##...))...#.......
*,,,,,.....*#....)).##***,,..
*,,,,,,...*##...<..).## ***#.
***,,,,,,..,*#..........##* *#.
**,,,,,,,,,,**#....$.......#**..
**,,,,,,,,,,,,,#..)..........#*#,
*,,,,,,,**,,,,,#@$............***
**,,,,,,,#...ooK$$...#........***
,,,,,,,**###........###.......,,*
**,,,,,,,*#..........#,......,***
*,,*,,,,,,##.$..............#**
****,,,,,,..................,*
*,,,,,.....#.........,,****
**,,,,....###........,*,*
*,**,,,,,****,,,,,^,****


You could see a kobold blastminer, an orc priest and an orc wizard.

Vanquished Creatures
  A minotaur (Gauntlet)
  Harold (Orc:1)
  2 centaur warriors (D:11)
  An ice dragon (Lair:5)
  6 hydras
  5 two-headed ogres
  2 boulder beetles
  A hell hog (Lair:5)
  Nergalle (D:10)
  A wretched star (Gauntlet)
  3 skysharks
  2 bog bodies (IceCv)
  2 lindwurms (Lair:5)
  2 orc sorcerers (Orc:1)
  Maurice (D:7)
  3 oklob plants
  An ugly thing (D:9)
  2 wolf spiders
  3 elephants
  An ice statue (IceCv)
  2 cyclopes (D:11)
  2 kobold blastminers
  7 black mambas
  6 torpor snails
  A gargoyle (D:11)
  7 cane toads
  Jeremiah (D:7)
  An unseen horror zombie (D:8)
  3 rime drakes
  8 komodo dragons
  2 ice devils (Orc:2)
  2 minotaur zombies (Gauntlet)
  An anaconda simulacrum (IceCv)
  A queen bee (D:11)
  A hornet (shapeshifter) (D:11)
  7 hornets
  3 trolls
  14 polar bears
  3 tyrant leeches (Lair:5)
  Grinder (D:5)
  12 blink frogs
  2 raiju (Lair:5)
  6 dream sheep
  A shadow (D:11)
  4 wraiths (D:11)
  A dire elephant simulacrum (IceCv)
  A spriggan (Lair:2)
  A basilisk (shapeshifter) (D:8)
  67 yaks
  7 wyverns
  4 basilisks
  4 wargs (Lair:5)
  4 steam dragons
  A neqoxec (Gauntlet)
  An acid dragon (D:9)
  17 water moccasins
  15 hell hounds (Lair:5)
  7 orc warriors
  2 sky beasts (D:7)
  An ice beast (D:8)
  2 laughing skulls (Gauntlet)
  6 ogres
  13 black bears
  4 centaurs
  31 wolves
  4 kobold brigands
  A weeping skull (Gauntlet)
  2 gnoll sergeants
  10 bullfrogs
  10 two-headed ogre simulacra (IceCv)
  6 cane toad simulacra (IceCv)
  4 wights (D:10)
  33 killer bees
  2 elephant simulacra (IceCv)
  5 electric eels (Lair:5)
  2 howler monkeys
  A centaur zombie (D:8)
  7 hounds
  A jelly (Lair:4)
  10 orc priests
  A sleepcap (D:5)
  A gnoll bouda (D:8)
  15 orc wizards
  27 hell rats
  8 iguanas
  4 spriggan simulacra (IceCv)
  5 troll simulacra (IceCv)
  3 polar bear simulacra (IceCv)
  4 wolf simulacra (IceCv)
  5 adders
  16 gnolls
  13 river rats (Lair:2)
  6 naga simulacra (IceCv)
  2 shadow imps
  5 white imps
  9 ufetubi
  3 dart slugs
  A ribbon worm (D:5)
  67 orcs
  8 ball pythons
  10 endoplasms
  A giant cockroach (D:1)
  8 goblins
  9 hobgoblins
  16 jackals
  6 quokkas
  7 bats
  3 frilled lizards (D:1)
  23 kobolds
  16 rats
728 creatures vanquished.

Vanquished Creatures (others)
  An orc wizard (D:4)
1 creature vanquished.

Grand Total: 729 creatures vanquished

Notes
Turn   | Place    | Note
-------+----------+-------------------------------------------
     0 | D:1      | Fairytaker the Gargoyle Fighter began the quest for the
                  | Orb.
     0 | D:1      | Reached XP level 1. HP: 14/14 MP: 1/1
    65 | D:1      | Reached skill level 2 in Axes
    97 | D:1      | Reached XP level 2. HP: 19/19 MP: 2/2
   437 | D:1      | Reached XP level 3. HP: 23/23 MP: 3/3
   700 | D:1      | Found a faded altar of an unknown god.
  1038 | D:2      | Reached XP level 4. HP: 29/29 MP: 4/4
  1238 | D:2      | Reached skill level 3 in Axes
  1517 | D:3      | Found an ancient bone altar of Kikubaaqudgha.
  1733 | D:3      | Reached XP level 5. HP: 33/33 MP: 5/5
  2375 | D:4      | Reached XP level 6. HP: 38/38 MP: 6/6
  2485 | D:4      | Found an ornate altar of the Wu Jian Council.
  2601 | D:4      | Reached skill level 4 in Axes
  2752 | D:4      | Noticed a black bear
  2762 | D:4      | Killed a black bear
  3296 | D:5      | Entered Level 5 of the Dungeon
  3449 | D:5      | Found Ryopneime's Book Shoppe.
  3451 | D:5      | Found Iqabodgh's Magic Scroll Emporium.
  3455 | D:5      | Reached XP level 7. HP: 44/44 MP: 7/7
  3457 | D:5      | Bought 2 scrolls of identify for 56 gold pieces
  3485 | D:5      | Found Jowib's Book Shop.
  3718 | D:5      | Found a shadowy altar of Dithmenos.
  3830 | D:5      | Reached skill level 5 in Armour
  3871 | D:5      | Reached skill level 5 in Fighting
  3871 | D:5      | Reached skill level 5 in Shields
  4021 | D:5      | Reached skill level 5 in Axes
  4528 | D:5      | Found a burning altar of Makhleb.
  4612 | D:5      | Found a staircase to the Ecumenical Temple.
  4647 | D:5      | Reached XP level 8. HP: 18/50 MP: 8/8
  4768 | Temple   | Entered the Ecumenical Temple
  4783 | Temple   | Became a worshipper of Warmaster Okawaru
  5167 | D:6      | Identified the +1 robe of Demons {rPois rC+}
  5304 | D:6      | Noticed Grinder
  5318 | D:6      | Paralysed by Grinder for 4 turns
  5327 | D:6      | Paralysed by Grinder for 4 turns
  5414 | D:6      | Paralysed by Grinder for 3 turns
  5535 | D:5      | Killed Grinder
  5536 | D:5      | Reached skill level 6 in Axes
  5927 | D:6      | Found a shimmering blue altar of Sif Muna.
  6088 | D:6      | Found a hazy altar of Hepliaklqana.
  6088 | D:6      | Found a stormy altar of Qazlal.
  6218 | D:7      | Found Biashum's Magic Scroll Shop.
  6221 | D:7      | Bought a scroll of revelation for 82 gold pieces
  6221 | D:7      | Bought a scroll of blinking for 82 gold pieces
  6360 | D:7      | Reached * piety under Okawaru
  6522 | D:7      | Reached XP level 9. HP: 56/56 MP: 9/9
  6528 | D:7      | Reached skill level 7 in Axes
  6554 | D:7      | Noticed Maurice
  6582 | D:7      | Maurice stole a +6 ring of dexterity
  6586 | D:7      | Paralysed by Maurice for 3 turns
  6594 | D:7      | Paralysed by something for 4 turns
  6596 | D:7      | Something stole a beast talisman
  6599 | D:7      | Something stole 18 poisoned darts
  6600 | D:7      | Something stole 79 gold
  6614 | D:7      | Paralysed by something for 2 turns
  6638 | D:7      | Killed Maurice
  6873 | D:7      | Noticed Jeremiah
  6906 | D:7      | Killed Jeremiah
  6906 | D:7      | Reached ** piety under Okawaru
  7080 | D:7      | Reached skill level 8 in Axes
  7456 | D:8      | Got the Folio of Blows
  7701 | D:8      | Noticed a two-headed ogre
  7722 | D:8      | Killed a two-headed ogre
  7722 | D:8      | Reached *** piety under Okawaru
  7723 | D:8      | Reached XP level 10. HP: 21/64 MP: 10/10
  7728 | D:8      | Reached skill level 9 in Axes
  8071 | D:8      | Reached skill level 1 in Invocations
  8080 | D:8      | Found a runed translucent gate.
  8080 | D:8      | Found a runed translucent gate.
  8080 | D:8      | Found a runed translucent gate.
  8080 | D:8      | Noticed MrCrawl's ghost (novice GrEE)
  8082 | D:8      | Found a basalt altar of Yredelemnul.
  8616 | D:8      | Identified the +3 sling of Pusy {drain, +Blink rF+ Will+
                  | Dex-2}
  9136 | D:9      | Reached **** piety under Okawaru
  9560 | D:9      | Noticed a purple ugly thing
  9577 | D:9      | Killed a purple ugly thing
  9652 | D:9      | Reached skill level 10 in Axes
  9730 | D:9      | Noticed a six-headed hydra
 10018 | D:10     | Entered Level 10 of the Dungeon
 10136 | D:10     | Noticed an oklob plant
 10155 | D:10     | Found a staircase to the Lair.
 10183 | D:10     | Killed an oklob plant
 10343 | D:10     | Reached XP level 11. HP: 70/71 MP: 13/13
 10372 | D:10     | Found a staircase to the Orcish Mines.
 11093 | D:10     | Found Aqurgh's Assorted Antiques.
 11101 | D:10     | Bought a slimy chain mail for 332 gold pieces
 11101 | D:10     | Identified the +5 chain mail of Daytzun {rElec} (You bought
                  | it in a shop on level 10 of the Dungeon)
 11143 | D:10     | Noticed Nergalle
 11185 | D:10     | Killed Nergalle
 11653 | D:11     | Reached skill level 11 in Axes
 11865 | D:11     | Noticed a two-headed ogre
 11877 | D:11     | Reached skill level 5 in Invocations
 11879 | D:11     | Killed a two-headed ogre
 11887 | D:11     | Noticed a boulder beetle
 11903 | D:11     | Killed a boulder beetle
 11904 | D:11     | Reached skill level 10 in Fighting
 11970 | D:11     | Noticed a wolf spider
 11991 | D:11     | Noticed an entropy weaver
 11993 | D:11     | Killed a wolf spider
 11995 | D:11     | an entropy weaver changed into a black bear
 12018 | D:11     | Noticed a cyclops
 12414 | D:11     | Noticed a two-headed ogre
 12419 | D:11     | Noticed a two-headed ogre
 12426 | D:11     | Killed a two-headed ogre
 12427 | D:11     | Reached XP level 12. HP: 74/78 MP: 14/16
 12433 | D:11     | Killed a two-headed ogre
 12597 | D:11     | Reached ***** piety under Okawaru
 12661 | D:11     | Reached skill level 12 in Axes
 12938 | D:11     | Noticed a two-headed ogre
 12949 | D:11     | Killed a two-headed ogre
 12949 | D:11     | Received a gift from Okawaru
 13051 | D:11     | Noticed a centaur warrior
 13061 | D:11     | Noticed a centaur warrior
 13066 | D:11     | Killed a centaur warrior
 13077 | D:11     | Killed a centaur warrior
 13078 | D:11     | Reached skill level 1 in Throwing
 13078 | D:11     | Reached skill level 10 in Armour
 13444 | Lair:1   | Entered Level 1 of the Lair of Beasts
 14224 | Lair:1   | Reached XP level 13. HP: 72/84 MP: 18/18
 14357 | Lair:1   | Reached skill level 13 in Axes
 14784 | Lair:1   | Received a gift from Okawaru
 17255 | Lair:2   | You fall into a shaft and drop 1 floor!
 17325 | Lair:3   | Found a staircase to the Swamp.
 17454 | Lair:3   | Received a gift from Okawaru
 18273 | Lair:3   | Reached skill level 14 in Axes
 18273 | Lair:3   | Reached skill level 5 in Throwing
 18273 | Lair:3   | Gained mutation: Your large and strong wings let you fly.
                  | [Gargoyle growth]
 18273 | Lair:3   | Reached XP level 14. HP: 92/92 MP: 20/20
 18615 | Lair:3   | Found a staircase to the Snake Pit.
 19310 | Lair:4   | Reached XP level 15. HP: 96/96 MP: 21/21
 19716 | Lair:4   | Found a staircase to the Slime Pits.
 20115 | Lair:5   | Entered Level 5 of the Lair of Beasts
 20259 | Lair:4   | Reached skill level 15 in Axes
 20492 | Lair:5   | Found a gate leading to a gauntlet.
 20501 | Gauntlet | Entered a Gauntlet
 20501 | Gauntlet | Found a transporter.
 20501 | Gauntlet | Found a transporter.
 20712 | Gauntlet | Found a transporter.
 20726 | Gauntlet | Found a transporter.
 20744 | Gauntlet | Found a transporter.
 20744 | Gauntlet | Found a transporter.
 20749 | Gauntlet | Found a transporter.
 20749 | Gauntlet | Found a transporter.
 20751 | Gauntlet | Found a transporter.
 20767 | Gauntlet | Found a transporter.
 20782 | Gauntlet | Found a transporter.
 20789 | Gauntlet | Found a runed translucent door.
 20793 | Gauntlet | Found a transporter.
 20799 | Gauntlet | Found a transporter.
 20843 | Gauntlet | Found a transporter.
 21567 | Gauntlet | Got the Excursus on the Coals
 21660 | Gauntlet | Identified 2 scrolls of acquirement
 21664 | Gauntlet | Acquired a manual of Invocations
 21668 | Gauntlet | Acquired a +3 executioner's axe of flaming
 22220 | Lair:5   | Reached skill level 10 in Invocations
 23116 | Lair:5   | Reached skill level 1 in Dodging
 23389 | Lair:5   | Found the +1 robe of Vines {NoPotionHeal Regen++++}
 23519 | Lair:5   | Received a gift from Okawaru
 24307 | Orc:1    | Entered Level 1 of the Orcish Mines
 24839 | Orc:1    | Found Xamiuju's Assorted Antiques.
 24847 | Orc:1    | Noticed Harold
 24855 | Orc:1    | Killed Harold
 24991 | Orc:2    | Entered Level 2 of the Orcish Mines
 24992 | Orc:2    | Found a frozen archway.
 25106 | IceCv    | Entered an ice cave
 25263 | IceCv    | Identified the +2 pair of gloves of Death Resistance {rC+}
 25418 | IceCv    | Reached XP level 16. HP: 104/104 MP: 24/24
 25425 | IceCv    | Reached skill level 16 in Axes
 25570 | IceCv    | Identified the +0 kite shield of Vanity {rElec rPois rF+++
                  | Str-3}
 25916 | Orc:2    | Found a staircase to the Elven Halls.
 25985 | Orc:2    | Killed from afar by a kobold blastminer

Illustrated notes

Levels and vault maps discovered:
D:1:      dpeg_arrival_renting, layout_basic, chequers_ecumenical_altar_grove,
          minmay_indecisive_spiral
D:2:      layout_basic
D:3:      layout_basic, mainiacjoe_overflow_brackets, grunt_decor_fettered
D:4:      cheibrodos_quashed, layout_loops_cross, nicolae_wu_jian_glorious_leap
D:5:      layout_layer_cave, mainiacjoe_overflow_alcove_2,
          grunt_dithmenos_smoke, minmay_temple_entry_statues_fountains,
          serial_shops, shop, shop, shop
D:6:      layout_rooms, mainiacjoe_overflow_paths,
          gammafunk_temple_overflow_pools, uniq_grinder
D:7:      layout_basic, serial_shops, nicolae_shop_behind_doors, uniq_maurice,
          uniq_jeremiah
D:8:      layout_basic, nicolae_yredelemnul_ghost_church,
          minmay_misc_feat_encased, minmay_chambers_of_fives
D:9:      layout_long_grid
D:10:     layout_basic, dpeg_oklobed_lair, hiddenorc2_lemuel, serial_shops,
          shop, corexii_checkpoint, uniq_nergalle
D:11:     regret_index_wax_grids, layout_long_grid
Temple:   nicolae_temple_ecumenical_triangle
Lair:1:   layout_cave_pods
Lair:2:   lemuel_ratsnest, layout_cave_pods, grunt_forest_stairs_clearing
Lair:3:   hellmonk_destroyed_diamonds, layout_chaotic_city, swamp_mist,
          dummy_snake_entry
Lair:4:   layout_regular_city, slime_entry_2
Lair:5:   wormcave, layout_cave_pods, hangedman_lair_caniforms_friends,
          serial_bayou, serial_bayou_lake_a, serial_bayou_ford_a,
          serial_bayou_shore_b, serial_bayou_shore_b, serial_bayou_shore_a,
          gauntlet_entry_generic, hellmonk_guarded_unrand_vines
Orc:1:    layout_caves, serial_shops, shop, nicolae_orc_pool_cavern, uniq_harold
Orc:2:    grunt_orc_tribal_feast, layout_diamond_mine,
          portal_ice_cave_demonic_guard, led_sif_book

Skill      XL: |  1  2  3  4  5  6  7  8  9 10 11 12 13 14 15 16 |
---------------+-------------------------------------------------+-----
Axes           | 2 3 4 5 6 8 10 11 12 14 15 16 | 16.0
Shields        | 4 5 6 7 |  7.0
Armour         | 4 5 6 8 9 10 11 12 | 12.5
Fighting       | 4 5 6 8 9 10 11 12 13 | 13.3
Invocations    | 3 6 7 8 9 11 | 11.0
Throwing       | 2 5 6 7 |  7.8
Dodging        | 1 2 |  2.1

Action                     |  1- 3 |  4- 6 |  7- 9 | 10-12 | 13-15 | 16-18 || total
---------------------------+-------+-------+-------+-------+-------+-------++-------
  Melee: War axe           |    95 |   259 |   413 |   857 |   778 |       ||  2402
         Flail             |       |       |       |       |    42 |       ||    42
         Executioner's axe |       |       |       |       |   339 |   100 ||   439
         Broad axe         |       |       |       |       |    61 |       ||    61
  Throw: Dart              |       |       |     5 |    21 |    29 |       ||    55
         Javelin           |       |       |       |       |     1 |       ||     1
 Invoke: Heroism           |       |       |     2 |    18 |    21 |     1 ||    42
         Finesse           |       |       |       |     1 |     2 |       ||     3
    Use: Scroll            |       |     5 |     2 |     2 |    27 |       ||    36
         Potion            |       |     2 |     1 |     4 |     5 |       ||    12
 Armour: Scale mail        |    82 |   234 |    30 |       |       |       ||   346
         Chain mail        |       |       |   406 |   720 |  1237 |    71 ||  2434
  Dodge: Dodged            |    45 |   170 |   209 |   472 |   655 |    59 ||  1610
  Block: Buckler           |    23 |    73 |   115 |   266 |   257 |       ||   734
